 Dungeon Sprint DCSS version 0.30.1-4-g462c640d31 (webtiles) character file.

Game seed: 6736323324214559203

106 Heoruswealwe the Covered (level 4, -2/41 HPs)
             Began as a Demigod Fighter on Aug 16, 2023.
             Slain by Sigmund
             ... wielding a +7 scythe of protection
              (13 damage)
             ... in the Dungeon (Sprint I: "Red Sonja").
             The game lasted 00:01:19 (40 turns).

Heoruswealwe the Covered (Demigod Fighter)            Turns: 40, Time: 00:01:20

Health: -2/41      AC:  9    Str: 21    XL:     4   Next: 30%
Magic:  6/6        EV:  8    Int: 10    God:
Gold:   0          SH:  5    Dex: 13    Spells: 3/3 levels left

rFire   . . .        a - +0 war axe
rCold   . . .        c - +0 buckler
rNeg    . . .        g - +0 chain mail
rPois   .            (no helmet)
rElec   .            (no cloak)
rCorr   .            (no gloves)
SInv    .            (no boots)
Will    .....        (no amulet) Stlth
                     (no ring)
HPRegen 0.26/turn    (no ring)
MPRegen 0.10/turn

%: no teleportation
@: mighty, hasted, very quick
A: high MP 1, forlorn, divine attributes
a: no special abilities


You were in the Dungeon.
You visited 1 branch

Inventory:

Hand Weapons
 a - a +0 war axe (weapon)
Armour
 c - a +0 buckler (worn)
 g - a +0 chain mail (worn)
Wands
 d - a wand of roots (10)
Scrolls
 j - a scroll of blinking
Potions
 f - a potion of heal wounds
 h - 2 potions of magic
 i - a potion of berserk rage


   Skills:
 + Level 4.9 Fighting
 + Level 4.4 Axes
 + Level 4.9 Armour
 + Level 4.9 Shields


You had 3 spell levels left.
You didn't know any spells.
Your spell library was empty.

Dungeon Overview and Level Annotations

Branches:
Dungeon (1/1)

Annotations:
D Sigmund


Innate Abilities, Weirdness & Mutations

You have an increased reservoir of magic. (+10% MP)
You shall have no god before yourself.
Your divine heritage dramatically boosts your attributes as you level up.


Message History

There is an open door, spattered with blood here.
You barely miss the ogre. You slash the ogre!
The ogre is heavily wounded.
The ogre hits you with a +0 giant club.
You slash the ogre!
You kill the ogre!
Your Fighting skill increases to level 4!
Your Axes skill increases to level 4!
Your Armour skill increases to level 4!
Your Shields skill increases to level 4!
You have reached level 3!
Your experience leads to a dramatic increase in your attributes!
Increase (S)trength, (I)ntelligence, or (D)exterity?
You feel stronger. x4
You have reached level 4!
Things that are here:
a +0 giant club; an ogre corpse You open the door.
Sigmund the Dreaded comes into view.
He is wielding a +7 scythe of protection and wearing a +1 robe of willpower.
Sigmund shouts!
Sigmund casts a spell at you. The puff of flame hits you.
There is an open door here.
Sigmund closely misses you.
You slash Sigmund!
Sigmund is moderately wounded.
You slash Sigmund!
Sigmund is almost dead.
Sigmund points at you and mumbles some strange words.
The magic dart hits you.
You closely miss Sigmund.
Sigmund is almost dead.
Sigmund hits you with a +7 scythe of protection.
* * * LOW HITPOINT WARNING * * *
You closely miss Sigmund.
Sigmund is almost dead.
You barely miss Sigmund.
Sigmund is almost dead.
Sigmund hits you with a +7 scythe of protection!
You die...

#############
#<.#..').#.@+
#..'[.#..'@.#
#..#####+####
#..# #..#
#..# #⌠⌠#
####


You could see Sigmund.

Vanquished Creatures
  An ogre (D)
  Ijyb (D)
2 creatures vanquished.

Notes
Turn   | Place    | Note
-------+----------+-------------------------------------------
     0 | D        | Heoruswealwe the Demigod Fighter began the quest for the
                  | Orb.
     0 | D        | Reached XP level 1. HP: 18/18 MP: 3/3
     3 | D        | Noticed Ijyb
     9 | D        | Killed Ijyb
    10 | D        | Reached XP level 2. HP: 10/27 MP: 4/4
    26 | D        | Noticed an ogre
    30 | D        | Killed an ogre
    31 | D        | Reached XP level 3. HP: 14/35 MP: 5/5
    31 | D        | Reached XP level 4. HP: 17/41 MP: 6/6
    33 | D        | Noticed Sigmund
    40 | D        | Slain by Sigmund

Illustrated notes

Levels and vault maps discovered:
D:        dungeon_sprint_1 [red_sonja_temple_1, red_sonja_temple_small_1]

Skill      XL: |  1  2 |
---------------+-------+-----
Fighting       | 3 4 |  4.9
Axes           | 3 4 |  4.4
Armour         | 3 4 |  4.9
Shields        | 3 4 |  4.9

Action                     |  1- 3 |  4- 6 || total
---------------------------+-------+-------++-------
  Melee: War axe           |     8 |     5 ||    13
    Use: Potion            |     3 |       ||     3
 Armour: Scale mail        |     1 |       ||     1
  Dodge: Dodged            |       |     1 ||     1
  Block: Buckler           |     2 |       ||     2
